 Dungeon Crawl Stone Soup version 0.18.1-48-g4cf74bf (webtiles) character file.

7 MistressOfTheDunes the Insei (level 1, 0/18 HPs)
             Began as a Mummy Monk on July 19, 2016.
             Slain by a bat (1 damage)
             ... on level 1 of the Dungeon.
             The game lasted 00:00:21 (349 turns).

MistressOfTheDunes the Insei (Mummy Monk)            Turns: 349, Time: 00:00:21

Health: 0/18       AC:  0    Str: 14    XL:     1   Next: 91%
Magic:  1/1        EV: 13    Int:  9    God:
Gold:   0          SH:  0    Dex: 14    Spells: 0 memorised, 0 levels left

rFire  x . .     SeeInvis .       - Unarmed
rCold  + . .     Gourm    .     (no armour)
rNeg   + + +     Faith    .     (no shield)
rPois  ∞         Spirit   .     (no helmet)
rElec  .         Dismiss  .     (no cloak)
rCorr  .         Reflect  .     (no gloves)
SustAt .         Harm     .     (no boots)
MR     .....                    (no amulet)
Stlth  ++........               (no ring)
                                (no ring)

@: not resistant to hostile enchantments, unstealthy
A: no food or potions, fire vulnerability, cold resistance 1, negative energy
resistance 3, torment resistance, unbreathing
a: no special abilities


You were on level 1 of the Dungeon.
You were not hungry.

You visited 1 branch of the dungeon, and saw 1 of its levels.


Innate Abilities, Weirdness & Mutations

You do not eat or drink.
Your flesh is vulnerable to fire.
You are immune to poison.
Your flesh is cold resistant.
You are immune to negative energy.
You are immune to unholy pain and torment.
You can survive without breathing.


   Skills:
 - Level 3.0 Fighting
 - Level 2.4 Dodging
 - Level 1.5 Stealth
 + Level 3.6 Unarmed Combat


You couldn't memorise any spells.
You didn't know any spells.

Inventory:

Scrolls
 a - 3 scrolls of identify {unknown}

Dungeon Overview and Level Annotations

Branches:
Dungeon (1/15)

Altars:

▒...▒▒▒▒..........>...▒
▒...b...▒.......▒(▒▒▒▒▒
▒.▒.▒▒▒.▒.......▒.▒ ▒▒▒
▒. ▒†▒▒▒▒.▒▒▒▒.▒ ▒..
.▒▒▒.▒ ▒.▒ ▒.▒▒▒.▒
..▒.▒ ▒†▒ ▒.....▒ ▒.▒.▒
▒.▒ ▒▒▒▒▒.▒ ▒▒.▒.▒ ▒.▒
▒.. ▒..Mb▒ ▒.▒▒▒▒▒▒▒▒▒▒
▒..▒▒▒ ▒........... ▒..
▒▒▒▒▒▒▒▒▒▒▒▒ ▒.. ▒..
▒.. ... ▒▒.


You could see a bat.


Message History

The bat barely misses you! The bat hits you! * * * don't die
* * * The jackal closely misses you!
You barely miss the jackal! The bat closely misses you!
The jackal closely misses you!
You beat the jackal into a bloody pulp!
The jackal is almost dead!
The bat hits you! * * * don't die
* * * The jackal completely misses you!
The jackal bites you! * * * don't die
* * * You beat the jackal into a bloody pulp!
You annihilate the jackal!!!
The bat closely misses you! x2
You swing at nothing!
The bat hits you! * * * don't die
* * * You swing at nothing!
The bat barely misses you!
You swing at nothing!
The bat hits you! * * * don't die
* * *
Things that are here:
a jackal corpse x2
The bat barely misses you! The bat closely misses you!
You barely miss the bat! The bat misses you! The bat closely misses you!
You miss the bat! The bat misses you!
You closely miss the bat! The bat closely misses you!
You pummel the bat but do no damage! The bat completely misses you!
The bat hits you! rip

Action                   || total
-------------------------++-------
Melee: Unarmed           ||    33
Dodge: Dodged            ||    33

Vault maps used:
D:1:      kb_arrival_jail

Notes
Turn   | Place    | Note
--------------------------------------------------------------
     0 | D:1      | MistressOfTheDunes the Mummy Monk began the quest for the Orb.
     0 | D:1      | Reached XP level 1. HP: 18/18 MP: 1/1
     8 | D:1      | Noticed a gargoyle
     8 | D:1      | Noticed a centaur
    10 | D:1      | Noticed a naga
    12 | D:1      | Noticed a halfling
    12 | D:1      | Noticed a troll
    14 | D:1      | Noticed a formicid
    14 | D:1      | Noticed a tengu
    17 | D:1      | Noticed a felid
    17 | D:1      | Noticed an octopode
    19 | D:1      | Noticed a demonspawn
    19 | D:1      | Noticed a merfolk
    21 | D:1      | Noticed a draconian
    23 | D:1      | Noticed an ogre
    23 | D:1      | Noticed a vine stalker
    25 | D:1      | Noticed a demigod
    27 | D:1      | Noticed a dwarf
    29 | D:1      | Noticed a human
    29 | D:1      | Noticed a spriggan
    31 | D:1      | Noticed a vampire
    31 | D:1      | Noticed an elf
    33 | D:1      | Noticed a ghoul
    33 | D:1      | Noticed a minotaur
   339 | D:1      | HP: 1/18 [bat (1)]
   349 | D:1      | Slain by a bat

Vanquished Creatures
  A giant gecko (D:1)
  3 jackals (D:1)
  A giant newt (D:1)
  A rat (D:1)
6 creatures vanquished.
